[Event "Silver Lake Festival 2022"]
[Site "Veliko Gradiste"]
[Date "2022.06.24"]
[Round "7.9"]
[White "Govedarica, Radovan"]
[Black "Mamedov, Edgar"]
[Result "1/2-1/2"]
[ECO "C10"]
[WhiteElo "2289"]
[BlackElo "2004"]
[Annotator "TA"]
[PlyCount "133"]
[EventDate "2022.06.16"]
[EventType "swiss"]
[EventCountry "SRB"]
[SourceTitle "playchess.com"]
[Source "ChessBase"]
[SourceQuality "1"]
[TimeControl "5400+30"]

1. e4 e6 2. d4 d5 3. Nc3 dxe4 4. Nxe4 Nd7 5. g3 Ngf6 6. Bg5 {[%emt 0:00:06] C10: French with 3 Nc3: Unusual Black 3rd moves and 3...dxe4.} h6 (6... Be7 $5 7. Nxf6+ Nxf6 $11) 7. Bxf6 Nxf6 8. Nxf6+ Qxf6 9. Bg2 {[%emt 0:00:02] [#]} c5 $146 ({Predecessor:} 9... Bd6 10. Ne2 O-O 11. O-O Rd8 12. Nc3 Bf8 13. Ne2 c5 14. c3 cxd4 15. cxd4 Rb8 {0-1 (55) Renn,V (1936)-Gunkel,C (2029) Nordrheinwestfalen 2013}) 10. Qd3 Qxd4 11. Qxd4 cxd4 12. O-O-O g5 13. Rxd4 Bg7 14. Rd2 Bd7 15. Ne2 Ke7 16. Rhd1 ({Wrong is} 16. Bxb7 $2 Rab8 17. Be4 f5 $19) 16... Rhd8 17. Nd4 (17. Bxb7 $2 Rab8 18. Bf3 Bxb2+ 19. Kb1 Bc3+ 20. Kc1 Bxd2+ 21. Rxd2 Rbc8 $19) 17... Rab8 18. h3 h5 19. Rd3 g4 (19... e5 $5 20. Re1 g4 21. hxg4 hxg4 $15) 20. h4 f5 21. Nb3 b6 {[%emt 0:03:09] Inhibits Nc5.} 22. c3 Rbc8 23. Bb7 Rc7 24. Bg2 f4 25. Be4 ({Much worse is} 25. gxf4 Rf8 26. R3d2 Rxf4 $19) 25... Rf8 26. Bg6 $2 ({Better is} 26. Re1 $15) 26... Bb5 $19 27. Bxh5 Bxd3 28. Rxd3 fxg3 29. fxg3 Rf3 (29... Bh6+ $19 30. Kb1 Rc4) 30. Rxf3 (30. Kc2 $17) 30... gxf3 31. Bxf3 {[%emt 0:00:08] [#]} (31. Kd2 $17 {might work better.}) 31... Bxc3 $1 $17 {[%emt 0:00:20][%mdl 4608] Endgame KRB-KBN} 32. Kd1 (32. h5 Be1+) 32... Bxb2 33. g4 (33. Be2 {was worth a try.}) 33... Rc3 34. Ke2 Rc2+ 35. Ke3 Rh2 36. h5 Kf6 37. a4 a5 38. Kd3 Be5 39. Nd2 Bf4 40. Ne4+ Kg7 41. g5 b5 42. axb5 (42. Nc5 $142 Rd2+ 43. Kc3 b4+ 44. Kc4 Bxg5 45. Nxe6+ Kh6 46. Nd4) 42... a4 $19 {[%emt 0:00:09] Threatens to win with ...a3.} ({Not} 42... Rh3 43. Nc5 $17) 43. Nc5 $2 (43. Be2) 43... a3 44. Nxe6+ Kh8 45. Bd5 Rd2+ 46. Ke4 {[%emt 0:00:26] [#]} Rxd5 $1 {[%emt 0:00:19][%mdl 576] Promotion} 47. Kxd5 a2 48. Nxf4 a1=Q 49. Ne6 Qh1+ 50. Kd6 Qxh5 51. b6 Qf7 $2 (51... Qh2+ $19 52. Kc6 Qg2+ 53. Kd6 Qb7) 52. Nc5 $11 {[%emt 0:00:31] The position is equal.} Qf8+ 53. Kc6 Qf3+ 54. Kc7 Qd5 55. Nd7 Qc4+ 56. Kd6 Qc8 {[%emt 0:01:02] White must now prevent ...Qb7.} 57. Nc5 {[%emt 0:00:16] Inhibits Qb7.} Qd8+ 58. Kc6 Qxg5 59. b7 Qf6+ 60. Kc7 Qe5+ 61. Kc6 $1 Kg7 62. Nd7 Qe4+ 63. Kc7 Qc4+ 64. Kd8 Qh4+ 65. Kc8 Qh8+ 66. Kc7 Qh2+ 67. Kc8 {[%emt 0:00:13] White happily takes the draw.  Weighted Error Value: White=0.52/Black=0.18 (very precise)} 1/2-1/2

[Event "Silver Lake Festival 2022"]
[Site "Veliko Gradiste"]
[Date "2022.06.24"]
[Round "7.10"]
[White "Furman, Boris"]
[Black "Ojas Kulkarni"]
[Result "1/2-1/2"]
[ECO "D80"]
[WhiteElo "2121"]
[BlackElo "2235"]
[Annotator "NA RC"]
[PlyCount "30"]
[EventDate "2022.06.16"]
[EventType "swiss"]
[EventCountry "SRB"]
[SourceTitle "playchess.com"]
[Source "ChessBase"]
[SourceQuality "1"]
[TimeControl "5400+30"]

1. d4 Nf6 2. c4 g6 3. Nc3 d5 4. Bg5 Ne4 5. Bh4 Nxc3 6. bxc3 dxc4 7. Qa4+ c6 8. Qxc4 Qa5 9. e3 Be6 10. Qb4 Qxb4 11. cxb4 Bg7 12. Nf3 Bd5 13. Be2 Nd7 14. O-O e5 15. Rfd1 O-O 1/2-1/2

[Event "Silver Lake Festival 2022"]
[Site "Veliko Gradiste"]
[Date "2022.06.24"]
[Round "7.11"]
[White "Arias Gaviria, Mario Alexis"]
[Black "Papaioannou, Dimitrios"]
[Result "1-0"]
[ECO "D27"]
[WhiteElo "2181"]
[BlackElo "2078"]
[Annotator "TA"]
[PlyCount "64"]
[EventDate "2022.06.16"]
[EventType "swiss"]
[EventCountry "SRB"]
[SourceTitle "playchess.com"]
[Source "ChessBase"]
[SourceQuality "1"]
[TimeControl "5400+30"]

1. d4 d5 2. Nf3 Nf6 3. c4 e6 4. Nc3 dxc4 5. e3 a6 6. a4 c5 7. Bxc4 Nc6 8. O-O cxd4 9. exd4 Be7 10. Bg5 O-O 11. Ba2 {[%emt 0:03:26] D27: Queen's Gambit Accepted: Classical main line: 7 e4!? and 7 a4.} Nb4 12. Bb1 b6 13. Ne5 {[%emt 0:01:16][%cal Oa4a5] The position is equal.} Bb7 {[%emt 0:01:27] [#]} 14. Ra3 $146 ({Predecessor:} 14. Re1 Nbd5 15. Qd3 g6 16. Qh3 Nh5 17. Bxe7 Qxe7 18. Qg4 Ndf4 19. g3 f5 20. Qd1 {0-1 (30) Gorbatenko,K (2084)-Rysbayeva,N (2054) Dubna 2007}) 14... Rc8 15. Bxf6 Bxf6 16. f4 ({But not} 16. Qh5 g6 17. Qg4 Bg7 $17) (16. Be4 $11 Bxe4 17. Nxe4) 16... g6 $17 17. Qd2 Bg7 {[%emt 0:03:26] This bishop pair is nice.} 18. Ne4 Qe7 19. Rc3 b5 (19... f6 $17 20. Nc4 Rcd8) 20. a5 (20. Rxc8 $15 Rxc8 21. Nc5) 20... Rfd8 (20... f6 $17 21. Nf3 f5) 21. Rd1 (21. Rxc8 $1 $15 Bxc8 22. Rc1) 21... Nc6 $19 22. Rd3 {[%emt 0:05:46] [#]} Qc7 (22... Nxa5 $1 $19 23. Nc5 Nc4) 23. Ng5 $17 Nxe5 ({Don't take} 23... Bxe5 24. fxe5 Nxe5 25. dxe5 Rxd3 26. Bxd3 $16 (26. Qxd3 Qc5+ 27. Kh1 Qxe5 $16)) 24. fxe5 h6 ({Better is} 24... Qe7 25. Rf1 f6 26. exf6 Bxf6) 25. Nf3 Rd7 26. Qe1 Rcd8 ({Black should try} 26... Bf8 27. Rc3 Qxa5 28. Rxc8 Qxe1+ 29. Rxe1 Bxc8) 27. Rc1 Qb8 {[%emt 0:00:30] Threatens to win with ...Bxf3.} 28. Qe3 Qa7 29. Rf1 $2 (29. Rcd1 $17) 29... Rc8 $2 (29... Bxf3 $19 {has better winning chances.} 30. gxf3 Rxd4) 30. h4 Rc4 {[%emt 0:00:30] White must now prevent ...Bxf3.} 31. b3 Rc8 32. Rfd1 (32. h5 $1 $11 {remains equal.}) 32... h5 {[%emt 0:02:10][%mdl 32768] Weighted Error Value: White=0.43/Black=0.30. Loss on time!?} 1-0

[Event "Silver Lake Festival 2022"]
[Site "Veliko Gradiste"]
[Date "2022.06.24"]
[Round "7.12"]
[White "Shoshin, Kirill"]
[Black "Efremov, Vladislav"]
[Result "1/2-1/2"]
[ECO "A23"]
[WhiteElo "1938"]
[BlackElo "2125"]
[Annotator "TA"]
[PlyCount "33"]
[EventDate "2022.06.16"]
[EventType "swiss"]
[EventCountry "SRB"]
[SourceTitle "playchess.com"]
[Source "ChessBase"]
[SourceQuality "1"]
[TimeControl "5400+30"]

1. c4 e5 2. Nc3 Nf6 3. g3 Bc5 4. Bg2 c6 5. e3 O-O 6. d4 exd4 7. exd4 Bb4 8. Nge2 d5 9. cxd5 {[%emt 0:01:48] A23: English Opening: 1...e5 2 Nc3 Nf6 3 g3 c6.} Nxd5 10. O-O Be6 11. a3 {[%emt 0:02:40] White has an edge.} Be7 12. Nf4 {[%emt 0:11:43] [#]} Nxc3 $146 ({Predecessor:} 12... Nxf4 13. Bxf4 Qb6 14. d5 Rd8 15. Qe2 cxd5 16. Nxd5 Bxd5 17. Qxe7 Nc6 18. Qc7 Qxc7 19. Bxc7 Bxg2 20. Kxg2 {½-½ (48) Stegemann,N (1983)-Fischbauer,E (1689) Muensterland 2005}) 13. bxc3 Bc4 14. Re1 Nd7 15. Rb1 Nb6 16. Qg4 Bf6 ({Black should try} 16... Bd6 $11) 17. Nh5 {[%emt 0:13:23] Weighted Error Value: White=0.06 (flawless) /Black=0.14 (very precise)} 1/2-1/2

[Event "Silver Lake Festival 2022"]
[Site "Veliko Gradiste"]
[Date "2022.06.25"]
[Round "8.1"]
[White "Krstulovic, Alex"]
[Black "Song, Raymond"]
[Result "1-0"]
[ECO "D02"]
[WhiteElo "2413"]
[BlackElo "2485"]
[Annotator "TA"]
[PlyCount "73"]
[EventDate "2022.06.16"]
[EventType "swiss"]
[EventCountry "SRB"]
[SourceTitle "playchess.com"]
[Source "ChessBase"]
[SourceQuality "1"]
[TimeControl "5400+30"]

1. d4 Nf6 2. Nf3 d5 3. Bf4 c5 4. e3 Nc6 5. Nbd2 e6 6. c3 Be7 {[%emt 0:00:04] 6...cxd4 gains popularity.} 7. Ne5 Nd7 {[%emt 0:00:34] D02: 1 d4 d5 2 Nf3 sidelines, including 2...Nf6 3 g3 and 2...Nf6 3 Bf4.} 8. Nxd7 Bxd7 9. Be2 {[%emt 0:00:30] [#]} O-O $146 {[%emt 0:04:04] The position is equal.} ({Predecessor:} 9... Qb6 10. Qb3 O-O 11. O-O Rfc8 12. Rac1 Na5 13. Qxb6 axb6 14. a3 Ba4 15. h3 h6 {½-½ (27) Zilka,S (2608)-Holm,K (2464) Warsaw 2021}) 10. O-O Qb6 11. Rb1 e5 ({Black should play} 11... cxd4 $11 12. exd4 g5) 12. dxe5 $14 ({Much worse is} 12. Bxe5 $6 Nxe5 13. dxe5 Bf5 $11) 12... Bf5 13. e4 dxe4 14. Nc4 Qc7 15. Ne3 Rad8 16. Qa4 Bg6 17. Rbd1 {[%emt 0:02:18] Black must now prevent Nd5.} Nxe5 18. Nd5 Qd6 19. Qxa7 {[%emt 0:01:04] White is more active.} Qe6 20. Nxe7+ (20. Qxb7 {seems wilder.} Bd6 21. Bg3 Rb8 22. Qa6) 20... Qxe7 21. Bxe5 Qxe5 22. Qxb7 Rb8 23. Qd5 Qxd5 24. Rxd5 {[%emt 0:00:00] Threatens to win with Rd2.} Rxb2 25. Bc4 Rc8 26. Rfd1 {[%emt 0:00:00] [#] White wants to mate with Rd8+.} Kf8 $1 27. h4 {[%emt 0:00:00][%cal Bh2h4,Bh4h5][%mdl 32] Hoping for h5.} e3 (27... f6 $11) 28. fxe3 Rc2 29. h5 $36 {[%emt 0:00:01][%mdl 2048] White has strong initiative.} Be4 {[%emt 0:01:45] [#]} 30. Rd7 Rxg2+ 31. Kf1 Bc6 $2 {[%emt 0:00:21][%mdl 8192] Loses the game.} (31... Rb8 $16) 32. Rxf7+ $18 Ke8 33. h6 gxh6 34. Rxh7 {[%emt 0:00:02] Rh8+ would kill now.} Ra8 35. Rd6 Bf3 36. Re6+ Kd8 37. Rf6 {[%emt 0:00:04] Weighted Error Value: White=0.06 (flawless) /Black=0.40} 1-0

[Event "Silver Lake Festival 2022"]
[Site "Veliko Gradiste"]
[Date "2022.06.25"]
[Round "8.2"]
[White "Damljanovic, Branko"]
[Black "Mohammad Nubairshah Shaikh"]
[Result "1/2-1/2"]
[ECO "B10"]
[WhiteElo "2469"]
[BlackElo "2443"]
[Annotator "TA"]
[PlyCount "105"]
[EventDate "2022.06.16"]
[EventType "swiss"]
[EventCountry "SRB"]
[SourceTitle "playchess.com"]
[Source "ChessBase"]
[SourceQuality "1"]
[TimeControl "5400+30"]

1. c4 c6 2. e4 d5 3. exd5 cxd5 4. cxd5 Nf6 5. Nc3 Nxd5 6. Nf3 Nc6 7. Bb5 e6 8. O-O Be7 9. d4 O-O 10. Re1 Qd6 {[%emt 0:00:18] B10: Caro-Kann: 2 d3 and 2 c4.} 11. a3 Rd8 12. Qc2 Bd7 13. Bd3 h6 {[%emt 0:05:24] [#]} 14. Re4 $146 (14. Nxd5 $11 {was preferrable.} exd5 15. Be3) ({Predecessor:} 14. Bd2 Rac8 15. Nxd5 exd5 16. Bc3 Bg4 17. Ne5 Nxe5 18. dxe5 Qb6 19. Qa4 Bd7 20. Qf4 {0-1 (58) Arutinian,D (2575)-Deviatkin,A (2566) Canberra 2011}) 14... Rac8 15. Bd2 a6 (15... f5 $17 16. Re2 Bf6) 16. Rae1 f5 17. R4e2 Bf6 18. Bxf5 exf5 19. Qb3 $1 Nxd4 20. Nxd4 Bxd4 21. Nxd5 {[%emt 0:01:33][%cal Bc3d5,Bd5e7,Be7g6][%mdl 32] Strongly threatening Bb4.} Kh8 (21... Kh7 $1 $14 22. Ne7 Rb8) 22. Ne7 $1 $16 Ra8 23. Bc3 ({Don't do} 23. Qxb7 Rab8 24. Qf3 Bb5 $16) (23. Ba5 $142 $1) 23... Bxc3 24. Qxc3 a5 (24... Bc6 $142) 25. h4 {[%emt 0:00:31] Rd2 is the strong threat.} Qf6 (25... Bc6 $16) 26. Qxf6 $18 gxf6 27. Ng6+ Kg8 28. Rd2 (28. Kh2 $142) 28... Kf7 {[%emt 0:04:20] [#]} ({Black should try} 28... Ba4 29. Rde2 Ra6) 29. h5 {[%emt 0:00:23] White is much more active.} ({White should play} 29. Nh8+ $1 $16 Kf8 30. Red1) 29... Be6 $1 $14 30. Rde2 Rd6 31. Kh2 Re8 32. f3 b5 33. Kg3 Rc8 34. Nf4 Bd7 35. Re7+ Kg8 36. R1e3 Rc4 37. b3 (37. Rd3 $16 Rxd3 38. Nxd3) 37... Rxf4 $1 $11 {[%emt 0:00:29] The position is equal.} 38. Rxd7 $1 (38. Kxf4 $2 {too greedy.} Rd4+ 39. Kg3 f4+ 40. Kf2 fxe3+ $19) 38... Rxf3+ $1 39. Rxf3 Rxd7 40. Rxf5 {[%emt 0:00:08][%mdl 4096] Endgame KR-KR} Rd3+ 41. Rf3 Rd6 42. Kf4 Kf7 43. Ke4 Re6+ 44. Kd4 Re5 {[%emt 0:00:06] Against Rf5} 45. g4 Rg5 46. Rf4 Ke6 47. b4 axb4 48. axb4 Rd5+ 49. Ke4 {[%emt 0:00:02][%cal Of4f6] White wants to mate with Rxf6+!} Re5+ 50. Kd4 Rd5+ 51. Ke4 {[%emt 0:00:07][%cal Of4f6] Rxf6+! would kill now.} Re5+ 52. Kd4 Rd5+ 53. Ke4 {[%emt 0:01:28] Weighted Error Value: White=0.13 (very precise) /Black=0.12 (very precise)} 1/2-1/2

[Event "Silver Lake Festival 2022"]
[Site "Veliko Gradiste"]
[Date "2022.06.25"]
[Round "8.3"]
[White "Strikovic, Aleksa"]
[Black "Anuj Shrivatri"]
[Result "1/2-1/2"]
[ECO "A65"]
[WhiteElo "2502"]
[BlackElo "2356"]
[Annotator "TA"]
[PlyCount "158"]
[EventDate "2022.06.16"]
[EventType "swiss"]
[EventCountry "SRB"]
[SourceTitle "playchess.com"]
[Source "ChessBase"]
[SourceQuality "1"]
[TimeControl "5400+30"]

1. c4 Nf6 2. Nc3 g6 3. e4 Bg7 4. d4 d6 5. f3 O-O 6. Bg5 c5 7. d5 h6 8. Be3 e6 9. Qd2 exd5 10. cxd5 a6 11. a4 Nbd7 12. Nge2 Re8 13. Nc1 {[#]} (13. Nd1 $142) 13... Nxe4 $1 $11 {A65: Modern Benoni: 6 e4.} 14. fxe4 (14. Nxe4 Qe7) 14... Bxc3 15. Qxc3 Qh4+ $1 {Black is slightly better.} 16. Bf2 Qxe4+ {[#]} 17. Be2 $146 (17. Ne2 $15) ({Predecessor:} 17. Ne2 Nb6 18. Qf3 Qc4 19. Qc3 Qxd5 20. a5 Nc4 21. Rd1 Qe4 22. Qd3 Qg4 23. h3 {0-1 (49) Lautenbach,W (2230)-Morley,P (2272) ICCF email 2011}) 17... Qxg2 $17 18. Rg1 Qe4 ({Inferior is} 18... Qxh2 19. Qg3 Qxg3 20. Bxg3 $15) (18... Qxd5 $17 {White must now prevent ...Ne5.} 19. Qd2 Qf5) 19. Qd3 $15 Qe5 {[#]} ({Black should play} 19... Qe7 $15) 20. Rxg6+ $1 $14 fxg6 21. Qxg6+ Kf8 $1 22. Bg3 {The board is on fire.} Qf6 23. Bxd6+ Re7 $1 24. Qxf6+ ({Much weaker is} 24. Bxe7+ Kxe7 25. Qe4+ Qe5 26. Qh7+ Kd6 $11) (24. Qg3 $14 Ne5 25. Bxc5) 24... Nxf6 $11 25. Bxc5 Ke8 26. Bxe7 Kxe7 27. Bf3 Kd6 28. Ne2 Bg4 29. Ra3 Re8 30. Bxg4 Nxg4 {[%mdl 4096] Endgame KRN-KRN} 31. Rh3 Kxd5 32. Rh4 Ne5 33. Nc3+ Kc6 34. Rxh6+ Kc5 35. Kd2 Nf3+ 36. Kc2 Kc4 37. b3+ Kd4 38. Rd6+ Kc5 39. Rd5+ Kc6 40. Rh5 Rg8 41. Kd3 Rd8+ 42. Ke3 Nd4 43. Rh6+ Kc7 {Strongly threatening ...Nf5+.} (43... Kc5 $5 44. Ne4+ Kb4 45. Rb6+ Ka3 $14) 44. Ke4 {Prevents Nf5.} Nxb3 45. Nd5+ Kb8 46. Ke5 Re8+ 47. Kf4 Nc5 48. Nb6 Kc7 49. a5 Nb3 50. Nc4 Rd8 51. Rh7+ Kc6 {aiming for ...Rd4+.} 52. Ke3 (52. Ne5+ $11 Kd5 53. Ng6) 52... Kb5 53. Rh4 (53. Nb2 $11 {keeps the balance.} Nxa5 54. h4) 53... Nxa5 $17 54. Nd2 Nc6 55. Nb1 (55. Rg4 $17) 55... Re8+ 56. Kd3 Nb4+ 57. Kc3 Re3+ (57... a5 $142 58. Na3+ Kc5 59. Rc4+ Kb6) 58. Kb2 Nd5 59. Na3+ Kc5 60. Rc4+ Kd6 61. Rh4 Re2+ 62. Kb3 Re3+ 63. Kb2 $1 {[%emt 0:00:30] Threatens to win with Nc4+.} Rf3 64. Rh7 b5 65. Rh6+ Nf6 $1 66. Rh8 (66. h4 $17) 66... Kc5 $19 67. Rf8 {[%emt 0:00:30] [#]} (67. Ra8 {was worth a try.}) 67... Rf2+ $2 (67... Kb4 $1 $19 {...Rb3+ is the strong threat.} 68. Nc2+ Ka4) 68. Kb3 Rf3+ (68... Rf4 $15 69. Nc2 a5) 69. Kb2 $1 {[%emt 0:00:30] [#]} Rf2+ ({Black should try} 69... Kb4 $1 $19 {Hoping for ...Rb3+.} 70. Nc2+ Ka4) 70. Kb3 $1 $15 Ne4 ({Better is} 70... Rf4 $15 71. Nc2 a5) 71. Rxf2 $11 {[%emt 0:00:30] The position is equal.} Nxf2 {[%emt 0:00:00] KN-KN} 72. h4 a5 73. Nc2 Ng4 74. h5 Nh6 (74... Nf6 $5 75. h6 Kd5 $11) 75. Ne3 Kd6 76. Kc3 Kc5 77. Kb3 a4+ 78. Ka3 Kd4 79. Nd1 Kc5 {[%emt 0:00:00] And White is the lucky defender.  Weighted Error Value: White=0.15 (very precise) /Black=0.14 (very precise)} 1/2-1/2

[Event "Silver Lake Festival 2022"]
[Site "Veliko Gradiste"]
[Date "2022.06.25"]
[Round "8.4"]
[White "Stremavicius, Titas"]
[Black "Radovanovic, Nikola"]
[Result "1/2-1/2"]
[ECO "A21"]
[WhiteElo "2508"]
[BlackElo "2423"]
[Annotator "TA"]
[PlyCount "68"]
[EventDate "2022.06.16"]
[EventType "swiss"]
[EventCountry "SRB"]
[SourceTitle "playchess.com"]
[Source "ChessBase"]
[SourceQuality "1"]
[TimeControl "5400+30"]

1. c4 e5 2. Nc3 Bb4 3. Nd5 Bc5 4. e3 Nf6 5. b4 Nxd5 6. bxc5 {[%emt 0:00:12] A21: English Opening: 1...e5 2 Nc3.} Nf6 7. Bb2 Qe7 8. Nf3 {[%emt 0:00:07][%cal Bg1f3,Bf3d4,Bd4b5][%mdl 32] The position is equal.} Nc6 9. d4 exd4 10. Nxd4 {[%emt 0:00:05] Black should prevent Nf5.} ({Of course not} 10. Bxd4 Nxd4 11. Qxd4 b6 $15) 10... O-O 11. Nb5 {[%emt 0:10:38] [#]} Ne8 $146 ({Predecessor:} 11... Qxc5 12. Bxf6 gxf6 13. Be2 d6 14. Nc3 Ne7 15. O-O c6 16. Ne4 Qe5 17. Bd3 f5 {½-½ (27) Almeraya,E (2273)-Petriv,V (2200) LSS email 2019}) 12. Qb3 Qxc5 13. Be2 d6 14. O-O Qg5 15. f4 Qe7 16. Bf3 Bf5 17. Rfe1 Be4 18. Bxe4 $1 Qxe4 19. Nc3 Qg6 20. e4 Rb8 21. f5 Qg5 22. Nd5 Ne5 23. Bxe5 dxe5 24. Qc3 c6 25. Qxe5 Nf6 26. Qf4 Qxf4 27. Nxf4 Nd7 28. e5 Nc5 29. g3 Rfe8 30. Rad1 Rbd8 31. Rxd8 Rxd8 32. e6 fxe6 33. fxe6 Re8 34. Re5 b6 {[%emt 0:00:57] Weighted Error Value: White=0.05 (flawless) /Black=0.03 (flawless)} 1/2-1/2

[Event "Silver Lake Festival 2022"]
[Site "Veliko Gradiste"]
[Date "2022.06.25"]
[Round "8.5"]
[White "Zanan, Evgeny"]
[Black "Manish Anto Cristiano F"]
[Result "1/2-1/2"]
[ECO "B92"]
[WhiteElo "2534"]
[BlackElo "2071"]
[Annotator "TA"]
[PlyCount "103"]
[EventDate "2022.06.16"]
[EventType "swiss"]
[EventCountry "SRB"]
[SourceTitle "playchess.com"]
[Source "ChessBase"]
[SourceQuality "1"]
[TimeControl "5400+30"]

1. e4 c5 2. Nf3 d6 3. d4 cxd4 4. Nxd4 Nf6 5. Nc3 a6 6. Be2 e5 7. Nb3 Be7 8. O-O O-O 9. Kh1 Be6 10. f4 exf4 11. Bxf4 Nc6 12. Qe1 d5 {[%emt 0:01:40] B92: Sicilian Najdorf: 6 Be2.} (12... Nd7 $11 {remains equal.}) 13. exd5 $16 Nxd5 14. Rd1 {[%emt 0:02:06] Strongly threatening Nxd5.} Bb4 {[%emt 0:05:47] White is better.} 15. Qg3 Bxc3 16. bxc3 Qf6 {[%emt 0:01:35] Inhibits Bh6.} 17. Bd6 {[%emt 0:02:43][%csl LRf6,LRf8] [#]} Qxc3 $146 (17... Qg6 $1 $14) ({Predecessor:} 17... Qg6 18. Qxg6 hxg6 19. Bxf8 Rxf8 20. Bf3 Ne3 21. Nc5 Bxa2 22. Ra1 Nxf1 23. Rxa2 Nd2 24. Bxc6 bxc6 25. Rxa6 {½-½ (50) Womacka,M (2449)-Kholin,A (2405) Chess.com INT 2019}) 18. Bxf8 {[%emt 0:00:35] White is more active. A strong pair of Bishops.} ({White should try} 18. Rd3 $16 Qxc2 19. Rd2) 18... Qxg3 $14 19. hxg3 Nc3 $1 {[%emt 0:00:08] [#]} 20. Bd6 {[%emt 0:06:39] Bf3 is the strong threat.} Nxe2 21. Rd2 Nc3 22. Nc5 {[%emt 0:00:53] Against Ne4} Bxa2 23. Rf3 Nb1 24. Rd1 b6 ({Black should play} 24... b5 $1 $11) 25. Ne4 {[%emt 0:17:13][%mdl 1024] White has compensation.} Re8 26. Re3 $36 {[%emt 0:03:04][%cal Oe4f6][%mdl 2048] Black must now prevent Nf6+! White fights for an advantage.} Re6 {[%emt 0:00:47] Against Nf6+} 27. Bf4 h6 {[%emt 0:04:02] Against Ng5} 28. Rd6 Nb4 29. c3 Rxd6 (29... Nc2 $14 30. Re2 Nba3) 30. Nxd6 $16 Nd5 31. Re8+ Kh7 32. c4 Nxf4 33. gxf4 {[%emt 0:00:01][%mdl 4096] Endgame KRN-KBN} Nd2 (33... Na3 $1 $14) 34. Nxf7 Bxc4 $2 (34... Nxc4 $16 35. f5 g5) 35. Rh8+ $18 Kg6 36. Ne5+ Kf5 {[%emt 0:00:07] [#]} 37. Rd8 $1 Kxf4 38. Nxc4 Nxc4 {[%emt 0:00:06] KR-KN} 39. Rd4+ Ke3 40. Rxc4 {[%emt 0:00:06] KR-KP} b5 {[%emt 0:00:04] [#]} 41. Rc7 $2 (41. Rc6 $1 {mates} a5 42. Rc5 b4 43. Rxa5 Kd3 44. Rb5 Kc3 45. Kh2 b3 46. Kg3) 41... b4 $11 {[%emt 0:00:01] The position is equal.} 42. Rxg7 {[%emt 0:00:32] Rg6 would kill now. KR-K3P} Kd2 43. Rd7+ Kc2 44. Rc7+ Kd2 45. Rb7 Kc3 46. Ra7 b3 {[%emt 0:00:06] And now ...b2 would win.} 47. Rxa6 b2 48. Rb6 Kc2 49. g4 {[%emt 0:00:41] White threatens Kh2 and mate.} b1=Q+ 50. Rxb1 Kxb1 51. Kg2 {[%emt 0:00:01] Threatening mate with Kg3.} Kc2 52. Kf3 {[%emt 0:00:06] White really could win this.  Weighted Error Value: White=0.21 (precise) /Black=0.55} 1/2-1/2

[Event "Silver Lake Festival 2022"]
[Site "Veliko Gradiste"]
[Date "2022.06.25"]
[Round "8.6"]
[White "Markovic, Zoran S"]
[Black "Sadikhov, Ulvi"]
[Result "1/2-1/2"]
[ECO "B33"]
[WhiteElo "2313"]
[BlackElo "2491"]
[Annotator "TA"]
[PlyCount "55"]
[EventDate "2022.06.16"]
[EventType "swiss"]
[EventCountry "SRB"]
[SourceTitle "playchess.com"]
[Source "ChessBase"]
[SourceQuality "1"]
[TimeControl "5400+30"]

1. e4 c5 2. Nf3 Nc6 3. d4 cxd4 4. Nxd4 Qb6 5. Nb3 Nf6 6. Nc3 e6 7. Bd3 a6 8. Be3 Qc7 9. f4 d6 10. Qf3 b5 {[%emt 0:00:29] 10...Be7 is vanishing. B33: Sicilian: Pelikan and Sveshnikov Variations.} 11. g4 h6 12. O-O-O Bb7 13. Kb1 Be7 14. Rhg1 Nd7 15. Qf2 {[%emt 0:06:58] [#]} Na5 $146 (15... g5 $14 {might be stronger.}) ({Predecessor:} 15... g5 16. Rgf1 gxf4 17. Bxf4 Nce5 18. Be3 O-O-O 19. h3 h5 20. g5 Rdg8 21. Bxb5 axb5 22. Nxb5 {½-½ (36) Thorhallsson,T (2433)-Hansen,S (2284) Reykjavik 2009}) 16. Nxa5 Qxa5 17. e5 (17. f5 $5 ) 17... dxe5 18. f5 O-O-O $1 19. fxe6 fxe6 20. Be4 Qc7 21. Qf7 Bc5 {[%emt 0:01:06] [#] Threatens to win with ...Bxe4.} 22. Rde1 Bb4 23. Bxb7+ Kxb7 24. Qxg7 Bxc3 25. bxc3 Qxc3 26. Bc1 Qc4 ({Better is} 26... Qc6 $11) 27. Rd1 $14 {[%emt 0:14:12][%mdl 1024] White has compensation. Active counter play!} Qc6 (27... Qb4+ $2 28. Bb2 Qc5 29. Rxd7+ $18) 28. Rgf1 {[%emt 0:00:30] Weighted Error Value: White=0.08 (flawless) /Black=0.15 (very precise)} (28. Ba3 $14) 1/2-1/2